 Dungeon Crawl Stone Soup version 0.17.0-1-g61d176b (webtiles) character file.

195 pipel the Skirmisher (level 5, -15/41 HPs)
             Began as a Mummy Chaos Knight on Nov 7, 2015.
             Demolished by an ogre
             ... wielding a +0 giant club
              (20 damage)
             ... on level 4 of the Dungeon.
             The game lasted 00:10:50 (15869 turns).

pipel the Skirmisher (Mummy Chaos Knight)          Turns: 15869, Time: 00:10:50

Health: -15/41     AC: 11    Str: 16    XL:     5   Next: 45%
Magic:  0/5        EV:  5    Int: 11    God:    Xom [......]
Gold:   186        SH:  0    Dex: 12    Spells: 0 memorised, 4 levels left

rFire  x . .     SeeInvis .     a - +0 falchion (chaos)
rCold  + . .     Clarity  .     m - +0 plate armour
rNeg   + + +     SustAt   .     (no shield)
rPois  ∞         Gourm    .     (no helmet)
rElec  .         Spirit   +     (no cloak)
rCorr  .         Warding  .     (no gloves)
rMut   .         Stasis   .     (no boots)
MR     .....                    l - amulet of guardian spirit
Stlth  ..........               (no ring)
                                (no ring)

@: not resistant to hostile enchantments, extremely unstealthy
A: no food or potions, fire vulnerability, cold resistance 1, negative energy
resistance 3, torment resistance, unbreathing
a: Renounce Religion


You were on level 4 of the Dungeon.
You worshipped Xom.
You were a very special plaything of Xom.
You were not hungry.

You visited 1 branch of the dungeon, and saw 4 of its levels.

You collected 186 gold pieces.

Inventory:

Hand Weapons
 a - a +0 falchion of chaos (weapon)
 c - a +0 hunting sling
 k - a +0 short sword of speed
Missiles
 d - 71 stones (quivered)
 h - 54 sling bullets
 j - 38 poisoned needles
Armour
 b - a +2 leather armour
 e - a +0 ring mail
 m - a +0 plate armour (worn)
Jewellery
 l - an amulet of guardian spirit (around neck)
 o - an uncursed amulet of rage
Scrolls
 f - a scroll of remove curse
 g - a scroll of teleportation
 i - 2 scrolls of identify
 n - a scroll of immolation
 p - a scroll of fear {unknown}


   Skills:
 + Level 3.6 Fighting
 + Level 3.1 Long Blades
 + Level 0.1(0.2) Slings
 + Level 0.2(0.3) Throwing
 + Level 3.0 Armour
 + Level 2.1 Dodging
 - Level 0.5 Stealth


You had 4 spell levels left.
You didn't know any spells.

Dungeon Overview and Level Annotations

Branches:
Dungeon (4/15)
 Temple: D:4-7

Altars:
Nemelex Xobeh
Ru
Xom


Innate Abilities, Weirdness & Mutations

You do not eat or drink.
Your flesh is vulnerable to fire.
You are immune to poison.
Your flesh is cold resistant.
You are immune to negative energy.
You are immune to unholy pain and torment.
You can survive without breathing.


Message History

The ogre hits you with a giant club!
You hit the ogre.
The ogre seems to slow down.
The ogre is almost dead.
The ogre barely misses you.
Your plate armour prevents you from hitting the ogre.
The ogre is almost dead.
The ogre hits you with a giant club!
* * * LOW HITPOINT WARNING * * *
Your plate armour prevents you from hitting the ogre.
The ogre is almost dead.
The ogre is no longer moving slowly.
The ogre barely misses you.
You barely miss the ogre.
The ogre is almost dead.
The ogre hits you with a giant club.
* * * LOW HITPOINT WARNING * * *
You hit the ogre.
The ogre seems to slow down.
The ogre is almost dead.
The ogre hits you with a giant club!!
You die...
Xom chortles!

# #.. ... ## #.# ##.# .##
#.# ... # #.##
#.#.##.##.#
...########.#.#...#.#.#.#
#..............._.......>
.###.#.####.#.#...#
#......####.#.##.##.#
#.........#.#...@...#
....###.###.####O####
....# #.# #.. ...
....###.# ### ##.##
##......# #..
......#####..# ###
####.........#
##.######.# ####...####


You could see an ogre.

Vanquished Creatures
  5 gnolls (D:2)
  4 adders
  A worm (D:3)
  2 orcs
  10 bats
  3 giant cockroaches
  14 goblins
  9 hobgoblins
  10 jackals
  4 quokkas (D:3)
  7 giant geckos
  15 giant newts
  11 kobolds
  6 rats
101 creatures vanquished.

Notes
Turn   | Place    | Note
--------------------------------------------------------------
     0 | D:1      | pipel the Mummy Chaos Knight began the quest for the Orb.
     0 | D:1      | Reached XP level 1. HP: 18/18 MP: 1/1
    15 | D:1      | XOM: divination: detect creatures
    55 | D:1      | XOM: smoke on damage
    62 | D:1      | Reached XP level 2. HP: 6/24 MP: 2/2
   329 | D:1      | Reached skill level 1 in Dodging
   466 | D:1      | You fall through a shaft!
   688 | D:1      | XOM: silly message
   719 | D:1      | XOM: mild Divn miscast
   983 | D:1      | XOM: vitrification
  1050 | D:2      | XOM: fog
  1055 | D:2      | Reached XP level 3. HP: 29/29 MP: 3/3
  1188 | D:1      | XOM: 1-stop teleportation journey
  1427 | D:1      | XOM: mild Trmt miscast
  1732 | D:1      | XOM: scenery: 1 doors open
  2175 | D:1      | XOM: harmless Tloc miscast
  2640 | D:1      | XOM is BORED!
  2640 | D:1      | XOM: mild Hex miscast
  2690 | D:1      | XOM: mild Hex miscast
  2805 | D:1      | XOM: harmless Erth miscast
  2852 | D:1      | XOM: mild Chrm miscast
  2935 | D:1      | XOM: harmless Fire miscast
  3851 | D:1      | XOM: silly message
  3975 | D:1      | XOM: harmless Tloc miscast
  3984 | D:1      | XOM: noise
  4482 | D:1      | XOM: colour smoke trail
  4652 | D:1      | XOM: mild Necr miscast
  4910 | D:1      | XOM: harmless Trmt miscast
  5073 | D:1      | Reached XP level 4. HP: 35/35 MP: 4/4
  5431 | D:1      | XOM is BORED!
  5431 | D:1      | XOM: mild Hex miscast
  5686 | D:1      | XOM: mild Summ miscast
  5720 | D:1      | XOM: harmless Tloc miscast
  5730 | D:1      | XOM: scenery: 1 doors close
  5752 | D:1      | XOM: scenery: 1 doors open
  5863 | D:1      | XOM: mild Tloc miscast
  6110 | D:1      | Noticed a wraith
  6169 | D:1      | XOM: potion effect (haste)
  6179 | D:1      | XOM: summons 4 friendly demons
  7120 | D:1      | Noticed a cyclops
  7512 | D:2      | XOM: divination: detect creatures
  7910 | D:2      | XOM: silly message
  9207 | D:2      | XOM: god gift: plate armour {god gift}
  9336 | D:2      | XOM: polymorph gnoll -> orc
  9420 | D:2      | XOM: scenery: create altars
 10177 | D:2      | XOM is BORED!
 10177 | D:2      | XOM: medium Conj miscast
 10611 | D:2      | XOM: harmless Chrm miscast
 10763 | D:2      | XOM is BORED!
 10763 | D:2      | XOM: harmless Pois miscast
 10809 | D:2      | XOM: harmless Conj miscast
 11048 | D:2      | XOM: scenery: create altars
 11083 | D:2      | XOM: divination: detect creatures
 11116 | D:2      | XOM: colour smoke trail
 11262 | D:2      | XOM: silly message
 11281 | D:2      | XOM is BORED!
 11281 | D:2      | XOM: mild Chrm miscast
 11547 | D:2      | XOM: divination: detect creatures
 11767 | D:2      | XOM: colour smoke trail
 11955 | D:2      | XOM: silly message
 12003 | D:2      | XOM: harmless Divn miscast
 12823 | D:2      | XOM: divination: detect creatures
 12883 | D:2      | XOM: 1-stop teleportation journey
 12894 | D:2      | XOM: scenery: create altars
 12905 | D:2      | XOM: god gift: scroll labeled YZE TEGUSIDAZ
 13021 | D:2      | Reached XP level 5. HP: 39/41 MP: 5/5
 13160 | D:2      | XOM: vitrification
 13810 | D:2      | XOM: vitrification
 14321 | D:2      | XOM: vitrification
 14386 | D:2      | XOM: noise
 15076 | D:2      | XOM: colour smoke trail
 15082 | D:2      | XOM: medium Air miscast
 15121 | D:2      | XOM: mild Tloc miscast
 15122 | D:2      | Noticed a spatial vortex
 15171 | D:3      | XOM: confusion (+ monsters)
 15430 | D:3      | XOM: harmless Tloc miscast
 15570 | D:3      | Found a sparkling altar of Nemelex Xobeh.
 15775 | D:3      | XOM: silly message
 15810 | D:3      | XOM: summons 2 hostile demons
 15815 | D:4      | XOM: mild Pois miscast
 15853 | D:4      | Found a sacrificial altar of Ru.
 15855 | D:4      | XOM: 1-stop teleportation journey
 15856 | D:4      | Noticed an ogre
 15869 | D:4      | Demolished by an ogre

Action                   |  1- 3 |  4- 6 || total
-------------------------+-------+-------++-------
Melee: Falchion          |   115 |   244 ||   359
 Fire: Hunting sling     |     3 |       ||     3
Throw: Stone             |     2 |     6 ||     8
  Use: Scroll            |       |     4 ||     4
 Stab: Distracted        |     1 |       ||     1
       Paralysed         |     1 |       ||     1
       Confused          |       |     1 ||     1
